 Dungeon Crawl Stone Soup version 0.19.0-9-gfd783f2 (webtiles) character file.

2007 Dioneo the Ruffian (level 9, -13/89 HPs)
             Began as a Troll Monk on Nov 8, 2016.
             Was a Believer of Dithmenos.
             Mangled by a vampire (14 damage)
             ... on level 9 of the Dungeon.
             The game lasted 00:19:43 (5997 turns).

Dioneo the Ruffian (Troll Monk)                     Turns: 5997, Time: 00:19:44

Health: -13/89     AC:  5    Str: 21    XL:     9   Next: 2%
Magic:  8/8        EV: 13    Int:  6    God:    Dithmenos [**....]
Gold:   308        SH:  0    Dex: 15    Spells: 1 memorised, 7 levels left

rFire  . . .     SeeInvis .       - Unarmed
rCold  . . .     Gourm    +     a - +0 robe
rNeg   . . .     Faith    .     (no shield)
rPois  .         Spirit   .     (helmet restricted)
rElec  .         Reflect  .     (no cloak)
rCorr  .         Harm     .     (gloves unavailable)
MR     .....                    (boots unavailable)
Stlth  +.........               (no amulet)
                                (no ring)
                                (no ring)

@: confused, wreathed by umbra
A: unfitting armour, claws 3, fast metabolism 3, gourmand, regeneration 1,
shaggy fur 1, tough skin 2
a: Shadow Step, Renounce Religion


You were on level 9 of the Dungeon.
You worshipped Dithmenos.
Dithmenos was pleased with you.
You were very full.

You visited 2 branches of the dungeon, and saw 10 of its levels.

You collected 308 gold pieces.

Inventory:

Missiles
 B - 6 large rocks (quivered)
Armour
 a - a +0 robe (worn)
Jewellery
 p - a cursed -2 ring of intelligence {unknown}
 u - an uncursed ring of wizardry {unknown}
 E - an uncursed ring of positive energy {unknown}
Scrolls
 e - a scroll of enchant armour {unknown}
 f - 3 scrolls of noise
 q - a scroll of random uselessness {unknown}
 w - a scroll of immolation {unknown}
 x - a scroll of recharging {unknown}
 y - a scroll of magic mapping {unknown}
 z - a scroll of fog {unknown}
 A - a scroll of remove curse {unknown}
Potions
 g - 3 potions of flight
 i - 2 potions of invisibility {unknown}
 k - 2 potions of haste {unknown}
 l - 2 potions of curing
 m - a potion of agility {unknown}
 n - a potion of ambrosia {unknown}
 r - a potion of resistance {unknown}
 v - a potion of mutation {unknown}
 C - 3 potions of brilliance {unknown}
Books
 s - a book of Misfortune

   Spells                             Type                      Level
   a - Confusing Touch                Hexes                        1
   b - Confuse                        Hexes                        3
   c - Gell's Gravitas                Hexes/Translocation          3
   d - Petrify                        Transmutation/Earth          4
   e - Metabolic Englaciation         Hexes/Ice                    5
   f - Yara's Violent Unravelling     Hexes/Transmutation          5
 D - a book of Cantrips

   Spells                             Type                      Level
   a - Confusing Touch                Hexes                        1
   b - Animate Skeleton               Necromancy                   1
   c - Summon Small Mammal            Summoning                    1
   d - Apportation                    Translocation                1
Comestibles
 b - 4 bread rations
 c - 2 meat rations
 d - 4 fruits
 j - a slice of pizza
 o - a beef jerky


   Skills:
 + Level 5.9 Fighting
 + Level 3.0 Throwing
 + Level 5.8 Dodging
 - Level 1.0 Stealth
 + Level 7.2 Unarmed Combat


You had 7 spell levels left.
You knew the following spells:

 Your Spells              Type           Power        Failure   Level  Hunger
a - Apportation           Tloc           #.........   52%         1    ##.....


Dungeon Overview and Level Annotations

Branches:
Dungeon (10/15)            Temple (1/1) D:5
   Lair: D:8-11         Orc: D:9-12

Altars:
Cheibriados
Dithmenos
Elyvilon
Fedhas
Kikubaaqudgha
Okawaru
Ru
Sif Muna
Uskayaw
Vehumet
Xom
The Shining One


Innate Abilities, Weirdness & Mutations

You are too large for most types of armour.
You have claws for hands.
Your metabolism is lightning-fast.
You like to eat raw meat.
Your natural rate of healing is unusually fast.
You are covered in fur. (AC +1)
You have very tough skin. (AC +2)


Message History

The vampire is lightly damaged.
The vampire gestures wildly while chanting.
The vampire flickers and vanishes!
Deactivating autopickup; reactivate with Ctrl-A.
Unknown command.
Okay, then.
There is an open door here.
You hear some strange, mumbled words.
You are confused.
You closely miss something. Something hits you. Something bites you!
Something draws strength from your injuries!
Something hits you!
* * * LOW HITPOINT WARNING * * *
Something bites you!
* * * LOW HITPOINT WARNING * * *
Something draws strength from your injuries!
Something hits you!
* * * LOW HITPOINT WARNING * * *
Something bites you!
You die...

.#.#.# ...#. ....
...# ...#.# ##+##
.....# ##...##
.#### ##.....##
.##.## ##.......##
.#...####.......@.#
........'......{..+
.....####.........#
#.#.## ##.......##
#.### ##.....## #.#
##...## #.. ##+##
#.# #.#


There were no monsters in sight!

Vanquished Creatures
  Sigmund (D:6)
  A hungry ghost (D:7)
  A water moccasin (D:6)
  3 phantoms
  2 ogres (D:5)
  2 bullfrogs
  3 scorpions
  2 howler monkeys (D:4)
  2 crimson imps (D:5)
  A hound (D:6)
  A jelly (D:2)
  6 orc priests
  5 orc wizards
  A bullfrog skeleton (D:5)
  Terence (D:3)
  A centaur skeleton (D:4)
  An iguana (D:6)
  2 worker ants (D:6)
  2 hound skeletons
  2 gnolls (D:6)
  4 adders
  An ooze (D:3)
  2 adder skeletons (D:4)
  3 worms
  3 dart slugs
  3 leopard geckos
  26 orcs
  3 ball pythons
  8 bats
  6 giant cockroaches
  8 goblins
  11 hobgoblins
  7 jackals (D:2)
  14 kobolds
  3 quokkas
  7 frilled lizards
  A jackal skeleton (D:3)
  7 rats
157 creatures vanquished.

Notes
Turn   | Place    | Note
-------+----------+-------------------------------------------
     0 | D:1      | Dioneo the Troll Monk began the quest for the Orb.
     0 | D:1      | Reached XP level 1. HP: 22/22 MP: 0/0
   169 | D:1      | Reached XP level 2. HP: 22/29 MP: 1/1
   634 | D:1      | Reached XP level 3. HP: 36/36 MP: 2/2
   952 | D:2      | Found a faded altar of an unknown god.
  1262 | D:2      | Reached XP level 4. HP: 44/44 MP: 3/3
  1573 | D:2      | Reached skill level 4 in Unarmed Combat
  2127 | D:3      | Reached XP level 5. HP: 47/53 MP: 4/4
  2366 | D:3      | Noticed Terence
  2379 | D:3      | Killed Terence
  2934 | D:3      | Reached XP level 6. HP: 62/62 MP: 5/5
  3253 | D:4      | Reached skill level 5 in Unarmed Combat
  3488 | D:4      | Reached XP level 7. HP: 70/70 MP: 6/6
  3886 | D:5      | Entered Level 5 of the Dungeon
  3963 | D:5      | Found an ancient bone altar of Kikubaaqudgha.
  4029 | D:5      | Reached skill level 6 in Unarmed Combat
  4060 | D:5      | Found a snail-covered altar of Cheibriados.
  4060 | D:5      | Found an ancient bone altar of Kikubaaqudgha.
  4066 | D:5      | Found a hide-covered altar of Uskayaw.
  4068 | D:5      | Found a white marble altar of Elyvilon.
  4383 | D:5      | Reached skill level 5 in Fighting
  4483 | D:5      | Found a staircase to the Ecumenical Temple.
  4492 | Temple   | Entered the Ecumenical Temple
  4512 | Temple   | Became a worshipper of Dithmenos the Shadowed
  4512 | Temple   | Reached * piety under Dithmenos
  4512 | Temple   | Reached ** piety under Dithmenos
  4719 | D:6      | Noticed Sigmund
  4786 | D:6      | Reached skill level 5 in Dodging
  4786 | D:6      | Reached XP level 8. HP: 80/80 MP: 7/7
  4952 | D:6      | Killed Sigmund
  4952 | D:6      | Reached skill level 1 in Throwing
  5028 | D:6      | Learned a level 1 spell: Apportation
  5591 | D:6      | Reached skill level 7 in Unarmed Combat
  5779 | D:6      | Found an iron altar of Okawaru.
  5902 | D:7      | Reached XP level 9. HP: 87/89 MP: 8/8
  5926 | D:7      | You fall through a shaft for 3 floors!
  5926 | D:10     | Entered Level 10 of the Dungeon
  5997 | D:9      | HP: 1/89 [something (13)]
  5997 | D:9      | Mangled by a vampire

Skill      XL: |  1  2  3  4  5  6  7  8  9 |
---------------+----------------------------+-----
Fighting       | 3 4 5 |  5.9
Unarmed Combat | 4 5 6 7 |  7.2
Dodging        | 3 4 5 |  5.8
Throwing       | 2 3 |  3.0
Stealth        | |  1.0

Action                   |  1- 3 |  4- 6 |  7- 9 || total
-------------------------+-------+-------+-------++-------
Melee: Unarmed           |   104 |   184 |   166 ||   454
       Punch             |     2 |       |     3 ||     5
Throw: Large rock        |       |       |     6 ||     6
       Tomahawk          |       |       |     2 ||     2
  Use: Scroll            |       |       |     4 ||     4
       Potion            |       |       |     1 ||     1
 Stab: Sleeping          |     4 |     1 |     4 ||     9
       Distracted        |       |       |     1 ||     1
  Eat: Chunk             |    17 |    18 |    27 ||    62
Armor: Robe              |    43 |    47 |    28 ||   118
Dodge: Dodged            |    68 |    92 |    90 ||   250
